 Dungeon Crawl Stone Soup version 0.19-a0-32-gbfd796a (webtiles) character file.

135 HaroldButt the Insei (level 4, 0/34 HPs)
             Began as a Demigod Transmuter on May 2, 2016.
             Slain by an orc priest
             ... wielding a cursed -1 flail
              (10 damage)
             ... on level 3 of the Dungeon.
             The game lasted 00:10:17 (3780 turns).

HaroldButt the Insei (Demigod Transmuter)           Turns: 3780, Time: 00:10:18

Health: 0/34       AC:  3    Str: 12 (13) XL:     4   Next: 66%
Magic:  9/9        EV: 11    Int: 17      God:
Gold:   159        SH:  0    Dex: 18      Spells: 2 memorised, 3 levels left

rFire  . . .     SeeInvis .       - Unarmed
rCold  . . .     Gourm    .     b - +0 robe
rNeg   . . .     Faith    .     (no shield)
rPois  .         Spirit   .     j - +0 helmet
rElec  .         Dismiss  .     (no cloak)
rCorr  .         Reflect  .     (no gloves)
SustAt +         Harm     .     (no boots)
MR     .....                    (no amulet)
Stlth  ++........               (no ring)
                                (no ring)

@: drained, not resistant to hostile enchantments, unstealthy
A: high mp 1, sustain attributes
a: no special abilities


You were on level 3 of the Dungeon.
You were not hungry.

You visited 1 branch of the dungeon, and saw 4 of its levels.

You collected 159 gold pieces.

Inventory:

Hand Weapons
 k - a +0 blowgun
Missiles
 a - 24 arrows
 h - 105 stones (quivered)
 l - 23 poisoned needles
Armour
 b - a +0 robe (worn)
 j - a +0 helmet (worn)
 m - a +3 leather armour of poison resistance
 n - a +0 ring mail
Scrolls
 e - a scroll of fear
Potions
 g - a potion of cancellation {unknown}
 i - a potion of brilliance
Books
 c - a book of Changes

   Spells                             Type                      Level
   a - Beastly Appendage              Transmutation                1
   b - Sticks to Snakes               Transmutation                2
   c - Spider Form                    Transmutation/Poison         3
   d - Ice Form                       Ice/Transmutation            4
   e - Blade Hands                    Transmutation                5
Comestibles
 d - 3 bread rations
 o - a meat ration


   Skills:
 - Level 0.8(0.0) Fighting
 - Level 1.7(0.7) Dodging
 + Level 5.2(4.0) Unarmed Combat
 - Level 1.7(0.7) Spellcasting
 - Level 1.7(0.7) Transmutations


You had 3 spell levels left.
You knew the following spells:

 Your Spells              Type           Power        Failure   Level  Hunger
a - Beastly Appendage     Trmt           #.....       21%         1    ##.....
b - Sticks to Snakes      Trmt           #.......     30%         2    ###....


Dungeon Overview and Level Annotations

Branches:
Dungeon (4/15)
 Temple: D:4-7


Innate Abilities, Weirdness & Mutations

You have an increased reservoir of magic (+10% MP).
Your attributes are resistant to harm.


Message History

You hit the orc priest but do no damage.
The orc priest is moderately wounded.
The orc priest miscasts a cantrip.
The orc barely misses you.
You hit the orc priest.
The orc priest is moderately wounded.
The orc priest closely misses you. The orc hits you with a falchion.
You hit the orc priest.
The orc priest is severely wounded.
The orc priest miscasts a cantrip.
The orc hits you with a falchion.
You closely miss the orc priest.
The orc priest is severely wounded.
The orc priest hits you with a flail. The orc barely misses you.
You barely miss the orc priest.
The orc priest is severely wounded.
The orc hits you with a falchion.
* * * LOW HITPOINT WARNING * * *
The orc priest hits you with a flail!
You die...

......#.#.##.#.#.#######
.####.#.#.##.###.#.. .+
.#........#.#.# .# #......#.#.#.#
.##+#.#...#..#)#.#.#
......#......#.....#
.##+#.#.#.##.###.################
.+ #.........oo........".....# .#
#.#.#....#@##############.# .###
#<.......#.# #.# .....
#.#.#......# #o# .####
#.#.#......# #.# .+ #.#.#......#
#.# .# #...##.....# #.# .#
#......###.# #.# ... #...######.#
#.# ### #... ....# #o#


You could see an orc priest and an orc.

Vanquished Creatures
  Terence (D:2)
  3 adders
  2 worms
  4 dart slugs
  A giant gecko (D:1)
  2 orcs (D:3)
  6 bats
  4 giant cockroaches
  13 goblins
  12 hobgoblins
  7 jackals (D:2)
  A giant newt (D:1)
  7 kobolds
  5 rats
68 creatures vanquished.

Notes
Turn   | Place    | Note
--------------------------------------------------------------
     0 | D:1      | HaroldButt the Demigod Transmuter began the quest for the Orb.
     0 | D:1      | Reached XP level 1. HP: 15/15 MP: 5/5
   149 | D:1      | Reached skill level 3 in Unarmed Combat
   497 | D:1      | Reached XP level 2. HP: 14/22 MP: 7/7
  1325 | D:1      | Reached XP level 3. HP: 18/27 MP: 8/8
  1502 | D:2      | Reached skill level 4 in Unarmed Combat
  1869 | D:2      | Found a burning altar of Makhleb.
  1876 | D:2      | Noticed Terence
  2141 | D:2      | Found an oddly glowing altar of Pakellas.
  2172 | D:2      | Learned a level 2 spell: Sticks to Snakes
  2603 | D:2      | Killed Terence
  2603 | D:2      | Reached XP level 4. HP: 21/34 MP: 6/9
  2626 | D:2      | Found a snail-covered altar of Cheibriados.
  2997 | D:3      | Reached skill level 5 in Unarmed Combat
  3780 | D:3      | Slain by an orc priest

Vault maps used:
D:1:      minmay_arrival_diagonal_passages
D:2:      grunt_pakellas_basics, lemuel_crystal_altar,
          overflow_temple_1_default, first_bread, uniq_terence
D:3:      minmay_door_path
D:4:      old_standard_altar, minmay_temple_entry_mist

Skill      XL: |  1  2  3  4 |
---------------+-------------+-----
Unarmed Combat | 3 4 5 |  5.2
Fighting       | |  0.8
Dodging        | |  1.7
Spellcasting   | |  1.7
Transmutations | |  1.7

Action                   |  1- 3 |  4- 6 || total
-------------------------+-------+-------++-------
Melee: Unarmed           |   193 |   101 ||   294
       Kick              |     1 |     7 ||     8
       Headbutt          |     6 |       ||     6
       Punch             |     1 |     4 ||     5
 Cast: Beastly Appendage |     6 |     4 ||    10
       Sticks to Snakes  |     3 |       ||     3
  Use: Scroll            |     4 |     2 ||     6
       Potion            |     2 |       ||     2
 Stab: Sleeping          |       |     3 ||     3
  Eat: Chunk             |     6 |     4 ||    10
Armor: Robe              |    24 |    20 ||    44
Dodge: Dodged            |   118 |    58 ||   176
